 Dungeon Crawl Stone Soup version 0.19-a0-1772-g09c4438 (webtiles) character file.

20793 Laraso the Bludgeoner (level 12, -4/56 HPs)
             Began as a Vine Stalker Fighter on Oct 3, 2016.
             Was a High Priest of Wudzu.
             Slain by Rhandor's ghost (22 damage)
             ... in a labyrinth.
             The game lasted 00:30:50 (12183 turns).

Laraso the Bludgeoner (Vine Stalker Fighter)       Turns: 12183, Time: 00:30:51

Health: -4/56      AC: 27    Str: 27    XL:     12   Next: 83%
Magic:  0/18       EV: 11    Int: 14    God:    Wudzu [*****.]
Gold:   221        SH: 11    Dex: 18    Spells: 3 memorised, 4 levels left

rFire  . . .     SeeInvis +     a - +2 morningstar (protect)
rCold  . . .     Gourm    .     (armour unavailable)
rNeg   . . .     Faith    .     c - +1 shield
rPois  +         Spirit   +     u - +0 helmet of Intercession {rPois Int+4 Dex+4 SInv} (curse)
rElec  .         Dismiss  .     (cloak unavailable)
rCorr  .         Reflect  .     (gloves unavailable)
MR     +....     Harm     .     (no boots)
Stlth  ++........               y - amulet of magic regeneration
                                L - +2 ring of slaying
                                k - +3 ring of evasion

@: mighty, protection aura, hasted, very quick
A: fangs 3, regeneration 2, magic shield, antimagic bite, no device heal 3, rot
immunity
a: Summon Vines, Briar Patch, Renounce Religion


You were in a labyrinth.
You worshipped Wudzu.
Wudzu was extremely pleased with you.
You were not hungry.

You visited 3 branches of the dungeon, and saw 14 of its levels.
You also visited: Labyrinth.

You collected 649 gold pieces.
You spent 428 gold pieces at shops.

Inventory:

Hand Weapons
 a - a +2 morningstar of protection (weapon)
Armour
 c - a +1 shield (worn)
 u - the cursed +0 helmet of Intercession (worn) {rPois Int+4 Dex+4 SInv}
   (You found it on level 6 of the Dungeon)

   It affects your intelligence (+4).
   It affects your dexterity (+4).
   It protects you from poison.
   It lets you see invisible.
   It has a curse placed upon it.
Jewellery
 k - a +3 ring of evasion (left hand)
 y - an amulet of magic regeneration (around neck)
 A - an uncursed ring of protection from fire
 B - an uncursed ring of ice
 H - an uncursed ring of protection from magic
 L - a +2 ring of slaying (right hand)
Wands
 e - a wand of teleportation (7/9)
 t - a wand of polymorph (4/24)
 z - a wand of random effects (20/48)
Scrolls
 h - 5 scrolls of enchant weapon
 n - 4 scrolls of remove curse
 D - 2 scrolls of blinking
 K - a scroll of enchant armour
Potions
 b - a potion of magic
 i - 4 potions of brilliance
 j - 9 potions of curing
 p - a potion of invisibility
 q - 2 potions of lignification
 r - 4 potions of agility
 s - 2 potions of cancellation
 v - a potion of berserk rage
 w - 2 potions of flight
Books
 F - a book of Minor Magic

   Spells                             Type                      Level
   a - Magic Dart                     Conjuration                  1
   b - Blink                          Translocation                2
   c - Call Imp                       Summoning                    2
   d - Repel Missiles                 Charms/Air                   2
   e - Slow                           Hexes                        2
   f - Conjure Flame                  Conjuration/Fire             3
   g - Mephitic Cloud                 Conjuration/Poison/Air       3
Miscellaneous
 I - a phial of floods (inert)
 J - a disc of storms
Comestibles
 f - 5 bread rations
 g - 5 beef jerkies
 l - 5 meat rations
 o - 4 slices of pizza
 x - 9 fruits
 M - 8 royal jellies


   Skills:
 - Level 2.6 Fighting
 - Level 17.0 Maces & Flails
 - Level 2.4 Armour
 - Level 2.6 Shields
 * Level 7.0 Invocations


You had 4 spell levels left.
You knew the following spells:

 Your Spells              Type           Power        Failure   Level  Hunger
a - Regeneration          Chrm/Necr      #.........   100%        3    ####...
b - Repel Missiles        Chrm/Air       #.....       99%         2    ###....
c - Blink                 Tloc           N/A          99%         2    ###....


Dungeon Overview and Level Annotations

Branches:
Dungeon (11/15)            Temple (1/1) D:5            Lair (2/6) D:8
    Orc (0/2) D:10
  Swamp: Lair:2-4    Shoals: Lair:2-4     Snake: Lair:2-4    Spider: Lair:2-4

Altars:
Ashenzari
Cheibriados
Dithmenos
Elyvilon
Fedhas
Gozag
Hepliaklqana
Kikubaaqudgha
Makhleb
Nemelex Xobeh
Okawaru
Qazlal
Ru
Sif Muna
Trog
Uskayaw
Vehumet Wudzu
Xom
Yredelemnul
Zin
The Shining One
Beogh

Shops:
D:5 (   D:9 }**:*

Portals:
Trove: D:10 (give 8 scrolls of blinking)

Annotations:
Lab Rhandor's ghost, journeyman TrMo


Innate Abilities, Weirdness & Mutations

You have razor-sharp teeth.
You heal very quickly.
When hurt, damage is shared between your health and your magic reserves.
Your bite disrupts and absorbs the magic of your enemies.
Potions and wands cannot restore your health.
You are immune to rotting.


Message History

You continue eating. x2
You finish eating.
That meat ration really hit the spot!
You hear the creaking of ancient gears!
Rhandor's ghost (journeyman Troll Monk) comes into view.
Rhandor's ghost turns its malevolent gaze towards you.
You block Rhandor's ghost's attack.
You feel very mighty all of a sudden. Rhandor's ghost closely misses you.
Unknown command.
You miss Rhandor's ghost. Your bite misses Rhandor's ghost.
Rhandor's ghost misses you.
You completely miss Rhandor's ghost. Your bite misses Rhandor's ghost.
You miss Rhandor's ghost. You bite Rhandor's ghost! You drain its power.
Rhandor's ghost is struck by your spines.
Rhandor's ghost hits you!!
You take 16 damage, and have 40/56 hp.
MASSIVE DAMAGE!!
You now have 13/18 mp.
You miss Rhandor's ghost.
You bite Rhandor's ghost, but do no damage.
Rhandor's ghost is struck by your spines.
Rhandor's ghost hits you but does no damage.
You puncture Rhandor's ghost!
Your weapon exudes an aura of protection.
Your bite misses Rhandor's ghost. You barely miss Rhandor's ghost.
Your bite misses Rhandor's ghost. You block Rhandor's ghost's attack.
You puncture Rhandor's ghost! Your bite misses Rhandor's ghost.
Rhandor's ghost is struck by your spines.
Rhandor's ghost hits you but does no damage.
You miss Rhandor's ghost.
Rhandor's ghost is struck by your spines.
Rhandor's ghost closely misses you.
You miss Rhandor's ghost. Your bite misses Rhandor's ghost.
You block Rhandor's ghost's attack.
You completely miss Rhandor's ghost. Your bite misses Rhandor's ghost.
Your shield prevents you from hitting Rhandor's ghost.
Rhandor's ghost is struck by your spines.
Rhandor's ghost hits you!
You take 9 damage, and have 36/56 hp.
You now have 11/18 mp.
You barely miss Rhandor's ghost. Your bite misses Rhandor's ghost.
You block Rhandor's ghost's attack.
Unknown command.
You miss Rhandor's ghost. Your bite misses Rhandor's ghost.
You block Rhandor's ghost's attack.
You puncture Rhandor's ghost!
Your weapon exudes an aura of protection.
Your bite misses Rhandor's ghost.
Rhandor's ghost is struck by your spines.
Rhandor's ghost hits you!!
* * * LOW MAGIC WARNING * * *;
* * * LOW HITPOINT WARNING * * *
You take 22 damage, and have 15/56 hp.
MASSIVE DAMAGE!!
You now have 4/18 mp.
Okay, then.
Okay, then.
Okay, then.
You feel yourself speed up. Rhandor's ghost hits you!!
* * * LOW MAGIC WARNING * * *
You die...

# # . ##
#### # #.▓
# # . . ..
#.#.###
###.# #.
#..
....#.#...
.
##.#####.#.
#.▓ ..
..#.# ▓
#######.###
▓ #...#
###@# #W#
## #.#.#
#.. ....#
#########


You could see Rhandor's ghost.

Vanquished Creatures
  2 hydras (Lair:1)
  A centaur warrior (D:10)
  2 death yaks (Lair:2)
  An unseen horror (D:11)
  A hill giant (D:11)
  Pikel (D:4)
  A wolf spider (Lair:2)
  An ugly thing (D:11)
  4 black mambas
  2 spiny frogs (Lair:1)
  3 komodo dragons
  A queen bee (D:10)
  2 two-headed ogres
  3 hippogriffs
  A wyvern (D:11)
  11 yaks
  A hill giant zombie (D:10)
  2 hungry ghosts (D:10)
  Menkaure (D:7)
  Duvessa (D:7)
  4 water moccasins
  9 porcupines (Lair:1)
  4 orc warriors
  A sky beast (D:9)
  5 ice beasts
  3 phantoms
  A black bear (D:9)
  A wasp (D:11)
  A necrophage (D:5)
  7 centaurs
  8 ogres
  4 crocodiles
  A big kobold (D:9)
  14 bullfrogs
  A gnoll sergeant (D:8)
  Dowan (D:7)
  2 scorpions
  2 wyvern skeletons
  A troll zombie (D:10)
  20 killer bees
  3 wights (D:10)
  7 howler monkeys
  4 crimson imps
  2 jellies
  A quasit (D:4)
  A bullfrog skeleton (D:9)
  3 orc priests
  2 centaur skeletons
  7 hounds
  10 orc wizards
  An iguana (D:10)
  11 worker ants
  2 killer bee zombies
  6 ogre zombies (D:10)
  A mummy (D:8)
  A worker ant zombie (D:8)
  11 gnolls
  3 howler monkey skeletons
  34 river rats
  17 adders
  2 shadow imps
  An ooze (D:5)
  2 adder zombies
  3 adder skeletons
  A worm (D:2)
  A dart slug (D:1)
  3 leopard geckos
  41 orcs
  3 giant cockroaches
  4 goblins
  3 hobgoblins
  9 jackals
  12 kobolds
  2 quokkas
  3 ball pythons
  6 bats
  5 frilled lizards
  A goblin zombie (D:10)
  5 hobgoblin zombies (D:10)
  A leopard gecko skeleton (D:4)
  A leopard gecko zombie (D:7)
  5 orc skeletons (D:10)
  14 orc zombies (D:10)
  A quokka skeleton (D:6)
  5 rats
  A plant (Lair:2)
394 creatures vanquished.

Vanquished Creatures (collateral kills)
  A hill giant (D:10)
  A killer bee (D:10)
  A wight (D:10)
3 creatures vanquished.

Vanquished Creatures (others)
  2 bushes (Lair:2)
  5 fungi
  7 plants
14 creatures vanquished.

Grand Total: 411 creatures vanquished

Notes
Turn   | Place    | Note
-------+----------+-------------------------------------------
     0 | D:1      | Laraso the Vine Stalker Fighter began the quest for the Orb.
     0 | D:1      | Reached XP level 1. HP: 11/11 MP: 2/2
    34 | D:1      | Reached skill level 2 in Maces & Flails
   312 | D:1      | Reached XP level 2. HP: 16/16 MP: 3/3
  1169 | D:2      | Reached skill level 3 in Maces & Flails
  1249 | D:2      | Reached XP level 3. HP: 19/19 MP: 4/4
  1504 | D:2      | Found an iron altar of Okawaru.
  1688 | D:3      | Noticed a sky beast
  2041 | D:3      | HP: 5/19 [something (5)]
  2498 | D:3      | Gained mutation: Your natural rate of healing is unusually fast. [Vine Stalker growth]
  2498 | D:3      | Reached XP level 4. HP: 23/23 MP: 5/5
  2692 | D:3      | Reached skill level 4 in Maces & Flails
  2698 | D:3      | Found a burning altar of Makhleb.
  2834 | D:3      | Reached XP level 5. HP: 27/27 MP: 6/6
  2854 | D:4      | Reached skill level 5 in Maces & Flails
  2921 | D:4      | Noticed an ogre
  2939 | D:4      | Reached XP level 6. HP: 32/32 MP: 7/7
  2942 | D:4      | Reached skill level 6 in Maces & Flails
  3003 | D:4      | Learned a level 3 spell: Regeneration
  3003 | D:4      | Found an ancient bone altar of Kikubaaqudgha.
  3250 | D:4      | Reached XP level 7. HP: 17/35 MP: 6/8
  3264 | D:4      | Reached skill level 7 in Maces & Flails
  3509 | D:4      | Noticed Pikel
  3533 | D:4      | Killed Pikel
  3533 | D:4      | Reached skill level 9 in Maces & Flails
  3533 | D:4      | Gained mutation: You have razor-sharp teeth. [Vine Stalker growth]
  3533 | D:4      | Reached XP level 8. HP: 39/39 MP: 5/9
  3550 | D:4      | Got a pitted leather armour
  3561 | D:4      | Identified the +1 leather armour of the Wheelwright {MR+ Stlth+} (You found it on level 4 of the Dungeon)
  3765 | D:5      | Entered Level 5 of the Dungeon
  3987 | D:5      | Found a white marble altar of Elyvilon.
  4145 | D:5      | Found a staircase to the Ecumenical Temple.
  4151 | D:5      | Reached skill level 10 in Maces & Flails
  4182 | Temple   | Entered the Ecumenical Temple
  4342 | Temple   | Became a worshipper of Wudzu the Untamed
  4570 | D:5      | Reached XP level 9. HP: 43/43 MP: 10/10
  4659 | D:5      | Found Qovuhost's Weapon Shop.
  5266 | D:6      | Got a faintly humming helmet
  5272 | D:6      | Identified the cursed +0 helmet of Intercession {rPois Int+4 Dex+4 SInv} (You found it on level 6 of the Dungeon)
  5606 | D:5      | Bought a +2 morningstar of protection for 184 gold pieces
  6182 | D:6      | HP: 15/43 [centaur/arrow (13)]
  6414 | D:6      | Reached skill level 11 in Maces & Flails
  6528 | D:7      | Noticed Menkaure
  6538 | D:7      | Killed Menkaure
  6538 | D:7      | Reached * piety under Wudzu
  6674 | D:7      | Found a glowing silver altar of Zin.
  6674 | D:7      | Found a burning altar of Makhleb.
  6675 | D:7      | Noticed a blizzard demon
  6675 | D:7      | Noticed an angel
  6727 | D:7      | Reached skill level 12 in Maces & Flails
  6763 | D:7      | Found a blossoming altar of Fedhas.
  6869 | D:7      | Reached XP level 10. HP: 29/47 MP: 7/11
  6902 | D:7      | Noticed Duvessa
  6905 | D:7      | Killed Duvessa
  6906 | D:7      | Noticed Dowan
  6908 | D:7      | Killed Dowan
  7175 | D:8      | Found a roughly hewn altar of Beogh.
  7222 | D:8      | Reached ** piety under Wudzu
  7272 | D:8      | Found a snail-covered altar of Cheibriados.
  7431 | D:8      | Found a shimmering altar of Xom.
  7449 | D:8      | Found a hazy altar of Hepliaklqana.
  7468 | D:8      | Reached skill level 13 in Maces & Flails
  7968 | D:8      | Found a staircase to the Lair.
  8078 | D:9      | Reached *** piety under Wudzu
  8089 | D:9      | Found Osiameh's Assorted Antiques.
  8126 | D:9      | Bought a scroll of blinking for 172 gold pieces
  8126 | D:9      | Bought a scroll of identify for 46 gold pieces
  8148 | D:9      | Found Tiuroass's Gadget Emporium.
  8396 | D:9      | Found Zodoapt's Assorted Antiques.
  8441 | D:9      | Found an iron altar of Okawaru.
  8445 | D:9      | Found a sacrificial altar of Ru.
  8462 | D:9      | Found Koazyett's Book Boutique.
  8584 | D:9      | Found a shadowy altar of Dithmenos.
  8656 | D:9      | Found Rurops's Assorted Antiques.
  8662 | D:9      | Bought a scroll labeled USKORU SARITS for 26 gold pieces
  8799 | D:10     | Entered Level 10 of the Dungeon
  8885 | D:10     | Reached skill level 14 in Maces & Flails
  9001 | D:10     | Noticed a hill giant
  9022 | D:10     | Killed a hill giant
  9022 | D:10     | Reached XP level 11. HP: 44/51 MP: 12/12
  9219 | D:10     | Noticed a centaur warrior
  9230 | D:10     | Killed a centaur warrior
  9230 | D:10     | Reached **** piety under Wudzu
  9274 | D:10     | Reached skill level 15 in Maces & Flails
  9442 | D:10     | Found a staircase to the Orcish Mines.
  9564 | D:10     | Reached ***** piety under Wudzu
  9626 | D:10     | Found a portal to a secret trove of treasure.
  9705 | D:11     | Noticed a hill giant
  9714 | D:11     | Killed a hill giant
  9962 | D:11     | Noticed a white ugly thing
  9974 | D:11     | Killed a white ugly thing
 10194 | D:11     | Noticed an unseen horror
 10199 | D:11     | Killed an unseen horror
 10199 | D:11     | Reached skill level 16 in Maces & Flails
 10201 | D:11     | Noticed a red ugly thing
 10449 | Lair:1   | Entered Level 1 of the Lair of Beasts
 10450 | Lair:1   | Noticed a six-headed hydra
 10463 | Lair:1   | Killed a six-headed hydra
 10463 | Lair:1   | Gained mutation: You heal very quickly. [Vine Stalker growth]
 10463 | Lair:1   | Reached XP level 12. HP: 46/56 MP: 10/13
 10791 | Lair:1   | Reached skill level 17 in Maces & Flails
 10854 | Lair:1   | Reached skill level 1 in Invocations
 10862 | Lair:1   | Learned a level 2 spell: Repel Missiles
 10865 | Lair:1   | Learned a level 2 spell: Blink
 10926 | Lair:1   | Noticed an eight-headed hydra
 10931 | Lair:1   | Killed an eight-headed hydra
 10931 | Lair:1   | Reached skill level 3 in Invocations
 11419 | Lair:2   | Reached skill level 4 in Invocations
 11466 | Lair:2   | Reached skill level 5 in Invocations
 11519 | Lair:2   | Noticed a death yak
 11538 | Lair:2   | Noticed a death yak
 11540 | Lair:2   | Noticed a death yak
 11544 | Lair:2   | Noticed a death yak
 11548 | Lair:2   | Noticed a death yak
 11572 | Lair:2   | Killed a death yak
 11572 | Lair:2   | Reached skill level 6 in Invocations
 11583 | Lair:2   | Killed a death yak
 11584 | Lair:2   | HP: 20/56 [death yak (17)]
 11695 | Lair:2   | Found a labyrinth entrance.
 11702 | Lair:2   | Reached skill level 7 in Invocations
 11719 | Lab      | Entered a labyrinth
 12164 | Lab      | Noticed Rhandor's ghost (journeyman TrMo)
 12180 | Lab      | HP: 15/56 [Rhandor's ghost (23)]
 12183 | Lab      | Slain by Rhandor's ghost

Vault maps used:
D:1:      minmay_arrival_four_loops, serial_co_window_serial,
          co_window_corner_a, co_window_corner_a, co_window_paths_a,
          co_window_paths_b, co_window_of_opportunity_a, co_window_paths_a,
          co_window_2corner, co_window_of_opportunity_b, co_window_broadway_b,
          co_window_paths_c, glass_columns_b, glass_columns_b, glass_columns_a,
          glass_columns_c, glass_columns_b
D:2:      kennysheep_okawaru_gauntlet
D:3:      makhleb_blood_cavern_becter
D:4:      kennysheep_big_flooded_room, lemuel_crystal_altar, first_bread,
          uniq_pikel
D:5:      kennysheep_mini, serial_shops, kennysheep_mini_moat
D:6:      centaur_isle
D:7:      grunt_temple_overflow_order_and_chaos_2, lemuel_doored_altar,
          uniq_menkaure, uniq_duvessa
D:8:      xom_butterflies, overflow_temple_1_default, slow_altar_1,
          david_lair_shrubbed, special_room
D:9:      kennysheep_little_box, nicolae_overflow_hidden_temple, serial_shops,
          nicolae_shop_crystal, nicolae_shop_waterfront, nicolae_shop_trees,
          nicolae_shop_overgrown_old_shop, nicolae_shop_stone
D:10:     zombieorc2_lemuel, trove_entry_hex_spiral, david_nohive_1
Temple:   bh_familiar_temple
Lair:1:   minivault_26, beast_lair_carwin_8, grunt_megastairs_4
Lair:2:   minmay_lair_venomous_thicket, lab_entry_generic, guppyfry_lair_drakes

Skill      XL: |  1  2  3  4  5  6  7  8  9 10 11 12 |
---------------+-------------------------------------+-----
Maces & Flails | 2 3 4 5 6 9 10 12 14 16 17 | 17.0
Invocations    | 7 |  7.0
Fighting       | |  2.6
Armour         | |  2.4
Shields        | |  2.6

Action                   |  1- 3 |  4- 6 |  7- 9 | 10-12 || total
-------------------------+-------+-------+-------+-------++-------
Melee: Flail             |   103 |    90 |   158 |       ||   351
       Bite              |    23 |    32 |    85 |   236 ||   376
       Morningstar       |       |       |    95 |   631 ||   726
Throw: Stone             |    24 |       |       |       ||    24
Invok: Summon Vines      |       |       |       |     1 ||     1
       Vestment of Thorn |       |       |       |     1 ||     1
       Regalia of Thorns |       |       |       |     1 ||     1
Evoke: Phial of floods   |       |       |       |     1 ||     1
  Use: Scroll            |     7 |     1 |     6 |    13 ||    27
       Potion            |     1 |     2 |     1 |     2 ||     6
 Stab: Sleeping          |       |       |     2 |     4 ||     6
  Eat: Chunk             |     5 |     2 |    12 |    18 ||    37
       Meat ration       |       |       |       |     1 ||     1
Armor: Scale mail        |    50 |    14 |       |       ||    64
       Chain mail        |       |    60 |    42 |       ||   102
       Skin              |       |       |    68 |   171 ||   239
Dodge: Dodged            |    36 |    50 |   114 |   187 ||   387
Block: Shield            |    48 |    71 |   144 |   259 ||   522

Table legend:
 A = Kills in this place as a percentage of kills in entire the game.
 B = Kills by you in this place as a percentage of kills by you in the entire game.
 C = Kills by friends in this place as a percentage of kills by friends in the entire game.
 D = Other kills in this place as a percentage of other kills in the entire game.
 E = Experience gained in this place as a percentage of experience gained in the entire game.
 F = Experience gained in this place divided by the number of levels of this place that you have seen.
                   A       B       C       D       E      F
               +-------+-------+-------+-------+-------+----------------------
         Total | 100.0 | 100.0 | 100.0 |  -nan | 100.0 | 1980.3
       Dungeon |  78.0 |  77.9 | 100.0 |  -nan |  57.2 | 1546.0
          Lair |  22.0 |  22.1 |   0.0 |  -nan |  42.8 | 6349.5
               +-------+-------+-------+-------+-------+----------------------

Table legend:
 A = Turns spent in this place as a percentage of turns spent in the entire game.
 B = Non-inter-level travel turns spent in this place as a percentage of non-inter-level travel turns spent in the entire game.
 C = Inter-level travel turns spent in this place as a percentage of turns spent in this place.
 D = Turns resting spent in this place as a percentage of non-inter-level travel turns spent in this place.
 E = Turns spent auto-exploring this place as a percentage of non-inter-level travel turns spent in this place.
 F = Non-inter-level travel turns spent in this place divided by the number of levels of this place that you've seen.
                   A       B       C       D       E      F
               +-------+-------+-------+-------+-------+----------------------
         Total | 100.0 | 100.0 |   0.6 |   1.5 |   7.6 | 323.7
       Dungeon |  75.6 |  75.5 |   0.7 |   1.8 |   8.9 | 333.1
        Temple |   0.6 |   0.6 |   3.3 |   0.0 |  51.7 |  29.0
          Lair |  13.5 |  13.5 |   0.3 |   0.9 |   4.0 | 328.5
     Labyrinth |  10.3 |  10.4 |   0.0 |   0.0 |   0.0 | 505.0
               +-------+-------+-------+-------+-------+----------------------

Vault maps used:
D:1:      minmay_arrival_four_loops, serial_co_window_serial,
          co_window_corner_a, co_window_corner_a, co_window_paths_a,
          co_window_paths_b, co_window_of_opportunity_a, co_window_paths_a,
          co_window_2corner, co_window_of_opportunity_b, co_window_broadway_b,
          co_window_paths_c, glass_columns_b, glass_columns_b, glass_columns_a,
          glass_columns_c, glass_columns_b
D:2:      kennysheep_okawaru_gauntlet
D:3:      makhleb_blood_cavern_becter
D:4:      kennysheep_big_flooded_room, lemuel_crystal_altar, first_bread,
          uniq_pikel
D:5:      kennysheep_mini, serial_shops, kennysheep_mini_moat
D:6:      centaur_isle
D:7:      grunt_temple_overflow_order_and_chaos_2, lemuel_doored_altar,
          uniq_menkaure, uniq_duvessa
D:8:      xom_butterflies, overflow_temple_1_default, slow_altar_1,
          david_lair_shrubbed, special_room
D:9:      kennysheep_little_box, nicolae_overflow_hidden_temple, serial_shops,
          nicolae_shop_crystal, nicolae_shop_waterfront, nicolae_shop_trees,
          nicolae_shop_overgrown_old_shop, nicolae_shop_stone
D:10:     zombieorc2_lemuel, trove_entry_hex_spiral, david_nohive_1
Temple:   bh_familiar_temple
Lair:1:   minivault_26, beast_lair_carwin_8, grunt_megastairs_4
Lair:2:   minmay_lair_venomous_thicket, lab_entry_generic, guppyfry_lair_drakes
